 Dungeon Crawl Stone Soup version 0.30-a0-918-g0ff054e9dc (webtiles) character file.

Game seed: 14098135179217546491

86 Darius099 the Sneak (level 4, -2/31 HPs)
             Began as an Octopode Brigand on Mar 20, 2023.
             Slain by a worm (4 damage)
             ... on level 2 of the Dungeon.
             The game lasted 00:02:31 (1531 turns).

Darius099 the Sneak (Octopode Brigand)              Turns: 1531, Time: 00:02:32

Health: -2/31      AC:  1    Str: 10    XL:     4   Next: 49%
Magic:  4/4        EV: 12    Int: 13    God:
Gold:   72         SH:  0    Dex: 15    Spells: 3/3 levels left

rFire   . . .      SeeInvis .    a - +2 dagger
rCold   . . .      Faith    .    (no shield)
rNeg    . . .      Spirit   .    (helmet restricted)
rPois   .          Reflect  .    (no amulet)
rElec   .          Rampage  .    (no ring)
rCorr   .                        (no ring)
Will    .....                    (no ring)
Stlth   ++++                     (no ring)
HPRegen 0.25/turn                (no ring)
MPRegen 0.09/turn                (no ring)
                                 (no ring)
                                 (no ring)

@: no status effects
A: almost no armour, amphibious, 8 rings, camouflage 1, gelatinous body 1,
(nimble swimmer 1), tentacles
a: no special abilities


You were on level 2 of the Dungeon.
You visited 1 branch of the dungeon, and saw 2 of its levels.

You collected 72 gold pieces.

Inventory:

Hand Weapons
 a - a +2 dagger (weapon)
Missiles
 b - 9 poisoned darts (quivered)
 c - 3 curare-tipped darts
Jewellery
 k - a ring of ice
Scrolls
 e - 5 scrolls of identify {unknown}
 f - a scroll of teleportation {unknown}
 i - a scroll of amnesia {unknown}
Potions
 d - a potion of might {unknown}
 g - a potion of curing {unknown}
 h - a potion of flight {unknown}
 j - a potion of haste {unknown}


   Skills:
 + Level 3.0 Fighting
 + Level 3.0 Short Blades
 - Level 2.0 Throwing
 - Level 1.0 Dodging
 + Level 6.3 Stealth


You had 3 spell levels left.
You didn't know any spells.
Your spell library contained the following spells:

 Spells                   Type           Power      Damage    Failure   Level
 Ignite Poison            Fire/Tmut/Pois 0%         N/A       67%         3
 Kindle Blastsparks       Fire/Tloc/Air  0%         2d10      67%         3
 Freezing Cloud           Conj/Ice/Air   0%         6-21      100%        5


Dungeon Overview and Level Annotations

Branches:
Dungeon (2/15)

Altars:

Shops:
D:1 [

Annotations:
D:2 Natasha


Innate Abilities, Weirdness & Mutations

You cannot wear most types of armour.
You are amphibious.
You can wear up to eight rings at the same time.
Your skin changes colour to match your surroundings (Stealth+).
Your rubbery body absorbs attacks. (AC +1, EV +1)
((You are camouflaged when in or above water. (Stealth+)))
You have tentacles for arms and can constrict up to eight enemies at once.


Message History

Natasha yowls pathetically as she dies!
The shadow imp disappears in a puff of smoke!
The quokka bites you.
Your Fighting skill increases to level 3!
Your Short Blades skill increases to level 3!
You miss the quokka. Your grab misses the quokka.
You squeeze the quokka, but do no damage.
The quokka closely misses you.
You hit the quokka. You grab the quokka. You squeeze the quokka.
You kill the quokka!
You see here a quokka corpse.
You start resting.
HP restored.
You see here 3 stones.
There is a stone staircase leading down here.
There is an open door here.
A worm comes into view.
Natasha, Servant of Life and Death comes into view.
She is carrying a wand of flame (9).
Natasha hisses angrily.
Natasha zaps a wand.
The puff of flame hits you!
You hit the worm. You grab the worm.
The worm is moderately wounded.
You constrict the worm, but do no damage.
Natasha stares at you and mumbles some strange words.
The magic dart hits you! The worm bites you.
You are too injured to fight recklessly!
You are too injured to fight recklessly!
You are too injured to fight recklessly!
You are too injured to fight recklessly!
You are too injured to fight recklessly!
You hit the worm. You squeeze the worm!
The worm is severely wounded.
You constrict the worm. Natasha casts a spell at you. The magic dart hits you!
* * * LOW HITPOINT WARNING * * *
You hit the worm.
The worm is almost dead.
You constrict the worm. The worm bites you.
You die...

######'#.####
#..........#
#..........#
#########..........#
#......##..........#
###......##..........###
........................
.##......######.........
.......@................
##....w...........#.....
#........h....####.....
#.............# #.....
#.#######.....# ###### #
#..^... #.....## #.....#
+.....#


You could see a worm and Natasha.

Vanquished Creatures
  Natasha (twice) (D:2)
  An adder (D:2)
  A dart slug (D:2)
  4 endoplasms
  4 goblins (D:1)
  3 kobolds (D:1)
  3 quokkas
  A ball python (D:2)
  4 bats
  2 frilled lizards
  2 rats (D:1)
27 creatures vanquished.

Notes
Turn   | Place    | Note
-------+----------+-------------------------------------------
     0 | D:1      | Darius099 the Octopode Brigand began the quest for the Orb.
     0 | D:1      | Reached XP level 1. HP: 14/14 MP: 1/1
   205 | D:1      | Found Qeiczu's Antique Armour Shoppe.
   257 | D:1      | Reached XP level 2. HP: 19/19 MP: 2/2
   968 | D:2      | Noticed Natasha
   973 | D:2      | Killed Natasha
   974 | D:2      | Reached skill level 6 in Stealth
   974 | D:2      | Reached XP level 3. HP: 6/25 MP: 3/3
  1211 | D:2      | Reached XP level 4. HP: 30/30 MP: 4/4
  1371 | D:2      | Noticed Natasha
  1383 | D:2      | Killed Natasha
  1527 | D:2      | Noticed Natasha
  1531 | D:2      | Slain by a worm

Illustrated notes

Levels and vault maps discovered:
D:1:      matt_arrival_refuge, layout_basic, serial_shops,
          nicolae_shop_behind_doors
D:2:      layout_basic, uniq_natasha

Skill      XL: |  1  2  3  4 |
---------------+-------------+-----
Stealth        | 6 |  6.3
Fighting       | 3 |  3.0
Short Blades   | 3 |  3.0
Throwing       | |  2.0
Dodging        | |  1.0

Action                     |  1- 3 |  4- 6 || total
---------------------------+-------+-------++-------
  Melee: Dagger            |    30 |    10 ||    40
         Constrict         |     5 |     3 ||     8
         Tentacles         |     4 |     4 ||     8
   Stab: Sleeping          |    16 |     1 ||    17
         Distracted        |     1 |       ||     1
  Dodge: Dodged            |     9 |     3 ||    12

Table legend: (Time is in decaauts)
 A = Elapsed time spent in this place.
 B = Non-inter-level travel time spent in this place.
 C = Inter-level travel time spent in this place.
 D = Time resting spent in this place.
 E = Time spent auto-exploring this place.
 F = Levels seen in this place.
 G = Mean time per level.
                   A        B        C        D        E       F      G
               +--------+--------+--------+--------+--------+-----+--------+
         Total |   1525 |   1440 |     85 |     87 |   1140 |   2 |  762.5 |
       Dungeon |   1525 |   1440 |     85 |     87 |   1140 |   2 |  762.5 |
               +--------+--------+--------+--------+--------+-----+--------+

Top non-repeatable levels by time:
     D:2: 770 daAuts
     D:1: 755 daAuts
